 Dungeon Sprint DCSS version 0.31.0-9-g3a7656b989 (webtiles) character file.

Game seed: 17194481399845948908

338 Heoruswealwe the Spear-Bearer (level 6, -2/62 HPs)
             Began as a Minotaur Fighter on Feb 2, 2024.
             Incinerated by a bombardier beetle (3 damage)
             ... with a burning spray
             ... in the Dungeon (Sprint IX: "|||||||||||||||||||||||||||||").
             The game lasted 00:01:14 (55 turns).

Heoruswealwe the Spear-Bearer (Minotaur Fighter)      Turns: 55, Time: 00:01:14

Health: -2/62      AC:  8    Str: 23    XL:     6   Next: 29%
Magic:  5/5        EV:  9    Int:  5    God:
Gold:   0          SH:  4    Dex:  9    Spells: 5/5 levels left

rFire   . . .        a - +0 trident
rCold   . . .        d - +0 buckler
rNeg    . . .        c - +0 scale mail
rPois   .            (helmet restricted)
rElec   .            (no cloak)
rCorr   .            (no gloves)
SInv    .            (no boots)
Will    .....        (no amulet) Stlth
                     (no ring)
HPRegen 0.30/turn    (no ring)
MPRegen 0.09/turn

%: no teleportation
@: on fire, glowing
A: horns 2, retaliatory headbutt
a: no special abilities


You were in the Dungeon.
You visited 1 branch

Inventory:

Hand Weapons
 a - a +0 trident (weapon)
Armour
 c - a +0 scale mail (worn)
 d - a +0 buckler (worn)
Scrolls
 j - a scroll of blinking
Potions
 b - a potion of might
 g - a potion of haste
 h - 2 potions of magic
 i - a potion of berserk rage


   Skills:
 + Level 8.8 Fighting
 * Level 11.5 Polearms
 + Level 8.8 Armour
 - Level 3.6 Shields


You had 5 spell levels left.
You didn't know any spells.
Your spell library was empty.

Dungeon Overview and Level Annotations

Branches:
Dungeon (1/1)

Altars:


Innate Abilities, Weirdness & Mutations

You have a pair of horns on your head.
You reflexively headbutt those who attack you in melee.


Message History

You puncture the centaur!
You kill the centaur!
Your Polearms skill increases to level 11!
You have reached level 6!
It's broken and can't be closed.
The bombardier beetle bites you but does no damage.
There is a broken door, spattered with blood here.
You see here a +0 shortbow.
You barely miss the bombardier beetle. You hit the bombardier beetle.
The bombardier beetle is moderately wounded.
The bombardier beetle sprays incendiary fluid at you.
The burning spray hits you.
You are covered in liquid fire!
You hit the bombardier beetle but do no damage.
You headbutt the bombardier beetle, but do no damage.
The bombardier beetle is moderately wounded.
The liquid fire burns you!
* * * LOW HITPOINT WARNING * * *
You barely miss the bombardier beetle.
The bombardier beetle is moderately wounded.
The liquid fire burns you!
* * * LOW HITPOINT WARNING * * *
You puncture the bombardier beetle!
You kill the bombardier beetle!
The liquid fire burns you!
* * * LOW HITPOINT WARNING * * *
You feel better. The liquid fire burns you!
* * * LOW HITPOINT WARNING * * *
The liquid fire burns you!
* * * LOW HITPOINT WARNING * * *
The liquid fire burns you!
* * * LOW HITPOINT WARNING * * *
The liquid fire burns you!
* * * LOW HITPOINT WARNING * * *
The liquid fire burns you!
* * * LOW HITPOINT WARNING * * *
The liquid fire burns you!
You die... ▓▓▓▓▓▓▓▓▓▓▓▓▓▓▓▓▓▓ ▓<...'....)@†....+ ▓▓▓▓▓▓▓▓▓▓▓▓▓▓▓▓▓▓

There were no monsters in sight!

Vanquished Creatures
  An ogre (D)
  A centaur (D)
  A phantom (D)
  A scorpion (D)
  A bombardier beetle (D)
  2 endoplasms (D)
  2 hobgoblins (D)
  A bat (D)
10 creatures vanquished.

Notes
Turn   | Place    | Note
-------+----------+-------------------------------------------
     0 | D        | Heoruswealwe the Minotaur Fighter began the quest for the
                  | Orb.
     0 | D        | Reached XP level 1. HP: 19/19 MP: 0/0
     6 | D        | Reached skill level 3 in Polearms
    17 | D        | Noticed an ogre
    17 | D        | Noticed a phantom
    17 | D        | Noticed a scorpion
    17 | D        | Noticed a centaur
    17 | D        | Noticed a bombardier beetle
    21 | D        | Killed an ogre
    22 | D        | Reached skill level 7 in Polearms
    22 | D        | Reached XP level 2. HP: 26/30 MP: 1/1
    22 | D        | Reached XP level 3. HP: 32/37 MP: 2/2
    22 | D        | Reached XP level 4. HP: 38/44 MP: 3/3
    28 | D        | Killed a phantom
    29 | D        | Reached skill level 9 in Polearms
    29 | D        | Reached XP level 5. HP: 42/52 MP: 4/4
    35 | D        | Reached skill level 10 in Polearms
    43 | D        | Killed a centaur
    44 | D        | Reached skill level 11 in Polearms
    44 | D        | Reached XP level 6. HP: 19/62 MP: 5/5
    54 | D        | HP: 1/62 [burnt (4)]
    55 | D        | Incinerated by a bombardier beetle

Illustrated notes

Levels and vault maps discovered:
D:        linesprint [early_d, line_temple, items_1, d_10, items_2, lair_1,
          lair_end, items_3, orc_1, orc_end, items_4, d_15, swamp_1, shoals_1,
          snake_1, spider_1, d_20, vaults_1, items_5, swamp_end, shoals_end,
          snake_end, spider_end, vaults_end, d_27, items_6, zot_1, zot_end,
          crypt_end, forest_end, elf_end, slime_end, tomb_end, abyss_end,
          pan_hell_end]

Skill      XL: |  1  2  3  4  5 |
---------------+----------------+-----
Polearms       | 7 9 11 | 11.5
Fighting       | 6 7 8 |  8.8
Armour         | 6 7 8 |  8.8
Shields        | |  3.6

Action                     |  1- 3 |  4- 6 || total
---------------------------+-------+-------++-------
  Melee: Trident           |    11 |    25 ||    36
         Headbutt          |     2 |     4 ||     6
    Use: Potion            |       |     2 ||     2
 Armour: Scale mail        |     2 |    13 ||    15
  Dodge: Dodged            |     5 |     7 ||    12
  Block: Buckler           |     1 |     2 ||     3
